 Dungeon Crawl Stone Soup version 0.18.1-48-g4cf74bf (webtiles) character file.

100 theElss the Magician (level 4, -3/21 HPs)
             Began as a Spriggan Conjurer on July 5, 2016.
             Slain by an orc priest
             ... wielding a +0 hand axe
              (9 damage)
             ... on level 2 of the Dungeon.
             The game lasted 00:10:10 (2815 turns).

theElss the Magician (Spriggan Conjurer)            Turns: 2815, Time: 00:10:11

Health: -3/21      AC:  3    Str:  5    XL:     4   Next: 46%
Magic:  9/12       EV: 22    Int: 16    God:
Gold:   69         SH:  0    Dex: 16    Spells: 3 memorised, 6 levels left

rFire  . . .     SeeInvis +     (weapon restricted)
rCold  . . .     Gourm    .     a - +0 robe
rNeg   . . .     Faith    .     (shield restricted)
rPois  .         Spirit   .     (helmet restricted)
rElec  .         Dismiss  .     o - +0 cloak
rCorr  .         Reflect  .     (gloves unavailable)
SustAt .         Harm     .     (boots unavailable)
MR     .....                    (no amulet)
Stlth  +++.......               (no ring)
                                g - +3 ring of evasion

@: very quick, not resistant to hostile enchantments, fairly stealthy
A: unfitting armour, see invisible, herbivore 3, speed 3, slow metabolism 2
a: no special abilities


You were on level 2 of the Dungeon.
You were not hungry.

You visited 1 branch of the dungeon, and saw 3 of its levels.

You collected 69 gold pieces.

Inventory:

Armour
 a - a +0 robe (worn)
 o - a +0 cloak (worn)
Jewellery
 g - a +3 ring of evasion (left hand)
Scrolls
 d - 2 scrolls of fear {unknown}
 e - a scroll of remove curse {unknown}
 k - a scroll of teleportation {unknown}
 l - a scroll of enchant armour {unknown}
 n - a scroll of identify {unknown}
Potions
 f - 3 potions of curing {unknown}
 h - a potion of might {unknown}
 i - a potion of agility {unknown}
 m - a potion of degeneration {unknown}
Books
 b - a book of Conjurations

   Spells                             Type                      Level
   a - Magic Dart                     Conjuration                  1
   b - Searing Ray                    Conjuration                  2
   c - Dazzling Spray                 Conjuration/Hexes            3
   d - Fulminant Prism                Conjuration/Hexes            4
   e - Iskenderun's Mystic Blast      Conjuration                  4
   f - Iskenderun's Battlesphere      Conjuration/Charms           5
Comestibles
 c - 4 bread rations
 j - a royal jelly


   Skills:
 + Level 0.1 Fighting
 + Level 4.5 Dodging
 - Level 3.0 Stealth
 + Level 5.0 Spellcasting
 - Level 3.0 Conjurations


You had 6 spell levels left.
You knew the following spells:

 Your Spells              Type           Power        Failure   Level  Hunger
a - Magic Dart            Conj           ##..         6%          1    None
b - Iskenderun's Mystic   Conj           ##......     50%         4    ####...
c - Searing Ray           Conj           ##....       10%         2    #......


Dungeon Overview and Level Annotations

Branches:
Dungeon (3/15)

Altars:
Ashenzari
Fedhas
Kikubaaqudgha
Qazlal
Trog

Annotations:
D:2 Ijyb


Innate Abilities, Weirdness & Mutations

You are tiny and cannot use many weapons and most armour.
You have supernaturally acute eyesight.
You are a herbivore.
You cover ground extremely quickly.
You need consume almost no food.


Message History

Beogh smites you!
Ouch! That really hurt!
* * * LOW HITPOINT WARNING * * *
The orc shouts!
You hear a shout!
You climb upwards.
Level annotation: Ijyb
There is a stone staircase leading down here.
Casting: Searing Ray
Confirm with . or Enter, or press ? or * to list all spells.
Aiming: Searing Ray
Press: ? - help, Shift-Dir - straight line, f - orc priest
Aim: an orc priest, wielding a hand axe The searing ray hits the orc priest.
The orc priest is heavily wounded.
The orc barely misses you. The orc priest barely misses you.
The searing ray hits the orc priest.
The orc priest is severely wounded.
The orc completely misses you.
The orc priest hits you with a hand axe!
You die...

#.#.#######
#########.#.......#
#.......#.#.##.....
#.####.##.#####....
#.##........# #....
###### #.##.#.....##
#.... #)...#
#.##.###.#.# #...#
####....#######o##.#
#.#.## ##.##
...'....'.......@o.#
#.#..# #.##
####....#.##########
#.#### ##.# #
##....#(#....# #.####
#.## # #.......#....#
#....# ##.# #
#.#).)...##..# #########
##.# #
#............####......#
#... #
###......###....#......#
#... # #......#
####.#......# #..) #
######## #.#......# ####


You could see an orc priest and an orc.

Vanquished Creatures
  Crazy Yiuf (D:2)
  A gnoll (D:1)
  An adder (D:1)
  2 oozes (D:1)
  A worm (D:2)
  2 dart slugs (D:1)
  A giant gecko (D:2)
  5 goblins
  2 hobgoblins
  4 bats (D:1)
  A giant newt (D:1)
  8 kobolds
  11 rats
40 creatures vanquished.

Notes
Turn   | Place    | Note
--------------------------------------------------------------
     0 | D:1      | theElss the Spriggan Conjurer began the quest for the Orb.
     0 | D:1      | Reached XP level 1. HP: 9/9 MP: 5/5
   428 | D:1      | Reached skill level 3 in Spellcasting
   548 | D:1      | Reached XP level 2. HP: 13/13 MP: 4/7
   791 | D:1      | Reached XP level 3. HP: 16/16 MP: 2/9
   910 | D:1      | Reached skill level 4 in Spellcasting
  1418 | D:2      | Noticed Ijyb
  2125 | D:2      | Noticed Crazy Yiuf
  2442 | D:2      | Killed Crazy Yiuf
  2442 | D:2      | Reached skill level 5 in Spellcasting
  2442 | D:2      | Reached XP level 4. HP: 21/21 MP: 6/12
  2575 | D:3      | Found a shattered altar of Ashenzari.
  2577 | D:3      | Found a blossoming altar of Fedhas.
  2577 | D:3      | Found a stormy altar of Qazlal.
  2579 | D:3      | Found an ancient bone altar of Kikubaaqudgha.
  2579 | D:3      | Found a bloodstained altar of Trog.
  2754 | D:2      | Learned a level 2 spell: Searing Ray
  2759 | D:2      | Learned a level 4 spell: Iskenderun's Mystic Blast
  2815 | D:2      | Slain by an orc priest

Skill      XL: |  1  2  3 |
---------------+----------+-----
Conjurations   | 3 |  3.0
Spellcasting   | 3 5 |  5.0
Dodging        | 4 |  4.5
Fighting       | |  0.1
Stealth        | |  3.0

Action                   |  1- 3 |  4- 6 || total
-------------------------+-------+-------++-------
Melee: Unarmed           |    12 |       ||    12
 Cast: Magic Dart        |   121 |     4 ||   125
       Searing Ray       |       |     2 ||     2
Armor: Robe              |     2 |       ||     2
Dodge: Dodged            |    26 |     6 ||    32
